 Dungeon Crawl Stone Soup version 0.21-a0-621-gc60411f (console) character file.

410 sirnathan the Grave Robber (level 6, 0/46 HPs)
             Began as a Demonspawn Necromancer on Dec 23, 2017.
             Slain by Prince Ribbit (12 damage)
             ... on level 6 of the Dungeon.
             The game lasted 00:30:25 (5763 turns).

sirnathan the Grave Robber (Demonspawn Necromancer) Turns: 5763, Time: 00:30:26

Health: 0/46       AC:  3    Str:  9    XL:     6   Next: 58%
Magic:  6/12       EV: 12    Int: 18    God:
Gold:   259        SH:  0    Dex: 13    Spells: 3/13 levels left

rFire    . . .     SeeInvis +   w - +0 quarterstaff
rCold    . . .     Gourm    .   (shield currently unavailable)
rNeg     . . .     Faith    .   a - +0 robe
rPois    .         Spirit   .   (helmet restricted)
rElec    .         Reflect  .   (no cloak)
rCorr    .         Harm     .   q - +0 pair of gloves
MR       .....                  (no boots)
Stlth    ++++......             (no amulet)
HPRegen  0.15/turn              i - ring of stealth
MPRegen  0.13/turn              B - ring of see invisible

@: hasted, very quick
A: horns 1, nightstalker 1, powered by pain 1
a: no special abilities


You were on level 6 of the Dungeon.
You were not hungry.

You visited 1 branch of the dungeon, and saw 7 of its levels.

You collected 259 gold pieces.

Inventory:

Hand Weapons
 e - a +0 whip
 w - a +0 quarterstaff (weapon)
Armour
 a - a +0 robe (worn)
 m - a +0 shield
 q - a +0 pair of gloves (worn)
Jewellery
 i - a ring of stealth (left hand)
 B - a ring of see invisible (right hand)
Wands
 u - a wand of enslavement (12)
Scrolls
 f - 3 scrolls of enchant weapon {unknown}
 h - 3 scrolls of identify
 j - 2 scrolls of amnesia
 n - 5 scrolls of remove curse {unknown}
 v - a scroll of teleportation {unknown}
 x - a scroll of noise {unknown}
Potions
 d - a potion of ambrosia {unknown}
 g - 2 potions of flight {unknown}
 k - 3 potions of curing {unknown}
 l - a potion of mutation {unknown}
 o - 2 potions of haste
 p - a potion of heal wounds {unknown}
 r - 2 potions of agility {unknown}
 s - a potion of cancellation {unknown}
 z - a potion of might {unknown}
 A - 2 potions of lignification {unknown}
 D - a potion of invisibility {unknown}
Books
 b - a book of Necromancy

   Spells                             Type                      Level
   a - Pain                           Necromancy                   1
   b - Animate Skeleton               Necromancy                   1
   c - Vampiric Draining              Necromancy                   3
   d - Regeneration                   Charms/Necromancy            3
   e - Animate Dead                   Necromancy                   4
   f - Borgnjor's Vile Clutch         Necromancy/Earth             5
 t - a book of Changes

   Spells                             Type                      Level
   a - Beastly Appendage              Transmutation                1
   b - Sticks to Snakes               Transmutation                2
   c - Spider Form                    Transmutation/Poison         3
   d - Ice Form                       Ice/Transmutation            4
   e - Blade Hands                    Transmutation                5
 y - a book of Misfortune

   Spells                             Type                      Level
   a - Confusing Touch                Hexes                        1
   b - Confuse                        Hexes                        3
   c - Gell's Gravitas                Translocation                3
   d - Petrify                        Transmutation/Earth          4
   e - Metabolic Englaciation         Hexes/Ice                    5
   f - Yara's Violent Unravelling     Hexes/Transmutation          5
 C - the Volume of Frigorific Attacks
   (You found it on level 5 of the Dungeon)

   Spells                             Type                      Level
   a - Magic Dart                     Conjuration                  1
   b - Sting                          Conjuration/Poison           1
   c - Shock                          Conjuration/Air              1
   d - Flame Tongue                   Conjuration/Fire             1
   e - Fulminant Prism                Conjuration/Hexes            4
   f - Ice Form                       Ice/Transmutation            4
   g - Orb of Destruction             Conjuration                  7
Comestibles
 c - 6 rations


   Skills:
 + Level 2.6 Fighting
 + Level 1.5 Maces & Flails
 - Level 1.7 Dodging
 - Level 1.7 Stealth
 * Level 4.2 Spellcasting
 + Level 0.3 Conjurations
 * Level 6.2 Necromancy


You had 3 spell levels left.
You knew the following spells:

 Your Spells              Type           Power        Failure   Level  Hunger
a - Pain                  Necr           ####         1%          1    None
b - Vampiric Draining     Necr           ####......   3%          3    ###....
c - Animate Skeleton      Necr           N/A          1%          1    None
d - Animate Dead          Necr           N/A          11%         4    ####...
e - Magic Dart            Conj           #...         13%         1    None


Dungeon Overview and Level Annotations

Branches:
Dungeon (7/15)
 Temple: D:4-7

Altars:
Fedhas
Ru
Uskayaw

Annotations:
D:3 GoodDemon3's ghost, amateur KoAM; Grinder
D:4 Edmund
D:5 Eustachio
D:6 Dowan; Duvessa; Menkaure; Prince Ribbit
D:7 arthad's ghost, journeyman DrBe


Innate Abilities, Weirdness & Mutations

You have a pair of small horns on your head.
You are slightly more attuned to the shadows.
You sometimes gain a little power by taking damage.


Message History

* * * LOW HITPOINT WARNING * * *
The bat hits you but does no damage. The bat closely misses you.
The bat barely misses you. The bat hits you but does no damage.
The bat barely misses you. The bat hits you but does no damage.
The bat closely misses you. The bat hits you but does no damage.
There is a stone staircase leading down here.
The bat misses you.
You climb downwards.
Level annotation: Dowan; Duvessa; Menkaure An adder and Prince Ribbit come into view.
The adder hisses angrily.
Prince Ribbit gives a loud, deep croak!
Prince Ribbit barely misses you.
Found a ring mail.
There is a stone staircase leading up here.
Prince Ribbit hits you!
You die...

#....≈≈≈≈..
#.....≈≈
#.....≈≈
........
........ ..
........ ..
#...### # #.
## #...#
#.#.##.##
#...#
......##
#...#
#.##.....##
....#
#[..S@....#
#...#
####..F.....
#...#
#....####
....# ..#.##
.##.### ###
## ......#
......#
.###..# .#
#......M
...#?#####.
##.#.#


You could see Prince Ribbit and an adder.

Vanquished Creatures
  An ogre (D:4)
  An orc wizard (D:4)
  A hound (D:5)
  An orc priest (D:4)
  Ijyb (D:4)
  An iguana (D:4)
  3 worker ants
  Robin (D:2)
  An adder (D:3)
  3 oozes
  An adder skeleton (D:4)
  A worm (D:3)
  A dart slug (D:5)
  7 leopard geckos
  2 orcs (D:4)
  7 bats
  A giant cockroach (D:5)
  6 goblins
  11 hobgoblins
  2 quokkas
  A ball python (D:3)
  3 frilled lizards
  A giant cockroach zombie (D:5)
  11 kobolds
  A leopard gecko skeleton (D:5)
  A rat (D:3)
71 creatures vanquished.

Vanquished Creatures (collateral kills)
  An adder (D:4)
  A rat (D:3)
2 creatures vanquished.

Grand Total: 73 creatures vanquished

Notes
Turn   | Place    | Note
-------+----------+-------------------------------------------
     0 | D:1      | sirnathan the Demonspawn Necromancer began the quest for the Orb.
     0 | D:1      | Reached XP level 1. HP: 13/13 MP: 3/3
   400 | D:1      | Gained mutation: You are slightly more attuned to the shadows. [demonic ancestry]
   400 | D:1      | Reached XP level 2. HP: 19/20 MP: 3/5
  1065 | D:2      | Reached skill level 1 in Fighting
  1072 | D:2      | Gained mutation: You have a pair of small horns on your head. [demonic ancestry]
  1072 | D:2      | Reached XP level 3. HP: 19/26 MP: 4/6
  1196 | D:2      | Learned a level 3 spell: Vampiric Draining
  1198 | D:2      | Learned a level 1 spell: Animate Skeleton
  1218 | D:2      | Found a hide-covered altar of Uskayaw.
  1536 | D:2      | Found a sacrificial altar of Ru.
  1619 | D:2      | Noticed Robin
  1627 | D:2      | Killed Robin
  1627 | D:2      | Reached skill level 5 in Necromancy
  2123 | D:3      | Gained mutation: You sometimes gain a little power by taking damage. [demonic ancestry]
  2123 | D:3      | Reached XP level 4. HP: 25/32 MP: 3/8
  2222 | D:3      | Noticed GoodDemon3's ghost (amateur KoAM)
  2445 | D:3      | Found a faded altar of an unknown god.
  2524 | D:3      | Noticed Grinder
  2561 | D:3      | Found a blossoming altar of Fedhas.
  3011 | D:4      | Reached XP level 5. HP: 36/38 MP: 4/10
  3182 | D:4      | Noticed Ijyb
  3187 | D:4      | Noticed an ogre
  3596 | D:4      | Noticed Edmund
  3697 | D:4      | Killed an ogre
  3697 | D:4      | Reached skill level 1 in Maces & Flails
  3784 | D:4      | Killed Ijyb
  3784 | D:4      | Reached skill level 6 in Necromancy
  3784 | D:4      | Reached XP level 6. HP: 31/45 MP: 2/11
  3881 | D:4      | Learned a level 4 spell: Animate Dead
  4642 | D:5      | Entered Level 5 of the Dungeon
  4697 | D:5      | Identified the Volume of Frigorific Attacks
  4701 | D:5      | Learned a level 1 spell: Magic Dart
  5167 | D:5      | You fall through a shaft for 2 floors!
  5167 | D:7      | Noticed arthad's ghost (journeyman DrBe)
  5217 | D:6      | Noticed Menkaure
  5233 | D:6      | Noticed Dowan
  5358 | D:6      | Noticed Duvessa
  5720 | D:5      | Noticed Eustachio
  5762 | D:6      | Noticed Prince Ribbit
  5763 | D:6      | Slain by Prince Ribbit

Vault maps used:
D:1:      lemuel_arrival_funnel
D:2:      nicolae_ru_the_path_less_chosen, eat_drink_and_be_merry_uskayaw,
          minmay_pentomino_o2, uniq_robin
D:3:      nicolae_overflow_crystal_walls, first_ration,
          chequers_ecumenical_altar_island, nemelex_dance_club_becter,
          uniq_grinder
D:4:      minivault_1, uniq_edmund, uniq_ijyb
D:5:      tso_altar, gammafunk_temple_overflow_statue, uniq_eustachio
D:6:      kiku_gazebo_pond_becter, uniq_menkaure, uniq_prince_ribbit1,
          uniq_duvessa
D:7:      elyvilon_altar_4, zin_scriptorium, temple_fountains,
          grunt_qazlal_clouds

Skill      XL: |  1  2  3  4  5  6 |
---------------+-------------------+-----
Fighting       | 1 2 |  2.6
Necromancy     | 5 6 |  6.2
Spellcasting   | 3 4 |  4.2
Maces & Flails | 1 |  1.5
Dodging        | |  1.7
Stealth        | |  1.7
Conjurations   | |  0.3

Action                   |  1- 3 |  4- 6 || total
-------------------------+-------+-------++-------
Melee: Dagger            |     4 |       ||     4
       Whip              |    10 |     8 ||    18
       Headbutt          |     1 |     3 ||     4
       Quarterstaff      |       |     2 ||     2
 Cast: Pain              |    58 |    97 ||   155
       Animate Skeleton  |     8 |     7 ||    15
       Vampiric Draining |       |     2 ||     2
       Magic Dart        |       |    17 ||    17
       Animate Dead      |       |     2 ||     2
  Use: Scroll            |       |     2 ||     2
       Potion            |       |     1 ||     1
 Stab: Sleeping          |     1 |       ||     1
  Eat: Chunk             |     2 |     7 ||     9
       Ration            |     1 |     1 ||     2
Armor: Robe              |     3 |    13 ||    16
Dodge: Dodged            |    16 |    45 ||    61

Table legend:
 A = Spawn XP
 B = Non-spawn XP
 C = Spawn XP percentage of total XP
 D = Spawn monster count
 E = Non-spawn monster count
 F = Spawn count percentage of total count
 G = Total turns spent on level
                    A         B        C        D         E        F      G
               +---------+---------+-------+---------+---------+-------+---------
         Total |       0 |     587 |   0.0 |       0 |      73 |   0.0 |  5763
               +---------+---------+-------+---------+---------+-------+---------
           D:1 |       0 |      24 |   0.0 |       0 |      14 |   0.0 |   958
           D:2 |       0 |      56 |   0.0 |       0 |      21 |   0.0 |  1310
           D:3 |       0 |      70 |   0.0 |       0 |      14 |   0.0 |   564
           D:4 |       0 |     319 |   0.0 |       0 |      17 |   0.0 |  1810
           D:5 |       0 |     118 |   0.0 |       0 |       7 |   0.0 |   906
               +---------+---------+-------+---------+---------+-------+---------
